 Dungeon Crawl Stone Soup version 0.20.1-1-g8b1a95d (webtiles) character file.

28 talesvin the Caller (level 3, 0/24 HPs)
             Began as a Merfolk Summoner on Oct 25, 2017.
             Slain by a quokka (2 damage)
             ... on level 2 of the Dungeon.
             The game lasted 00:10:06 (1232 turns).

talesvin the Caller (Merfolk Summoner)              Turns: 1232, Time: 00:10:07

Health: 0/24       AC:  2    Str:  8    XL:     3   Next: 12%
Magic:  3/6        EV: 13    Int: 15    God:
Gold:   46         SH:  0    Dex: 14    Spells: 3/6 levels left

rFire    . . .     SeeInvis .   e - +0 club
rCold    . . .     Gourm    .   (no shield)
rNeg     . . .     Faith    .   a - +0 robe
rPois    .         Spirit   .   (no helmet)
rElec    .         Reflect  .   (no cloak)
rCorr    .         Harm     .   (no gloves)
MR       .....                  (no boots)
Stlth    ++........             (no amulet)
Regen    0.1/turn               (no ring)
MPRegen  0.1/turn               (no ring)

@: no status effects
A: change form in water, swift swim, stealthy swim
a: no special abilities


You were on level 2 of the Dungeon.
You were not hungry.

You visited 1 branch of the dungeon, and saw 2 of its levels.

You collected 46 gold pieces.

Inventory:

Hand Weapons
 e - a +0 club (weapon)
Armour
 a - a +0 robe (worn)
Jewellery
 c - an uncursed ring of ice {unknown}
Scrolls
 g - a scroll of recharging {unknown}
 i - a scroll of fog {unknown}
Potions
 f - a potion of invisibility {unknown}
 h - a potion of flight {unknown}
Books
 b - a book of Callings

   Spells                             Type                      Level
   a - Summon Small Mammal            Summoning                    1
   b - Call Imp                       Summoning                    2
   c - Call Canine Familiar           Summoning                    3
   d - Summon Guardian Golem          Hexes/Summoning              3
   e - Summon Lightning Spire         Summoning/Air                4
   f - Summon Ice Beast               Ice/Summoning                4


   Skills:
 * Level 0.2 Fighting
 + Level 0.2 Maces & Flails
 + Level 3.1 Dodging
 + Level 2.3 Stealth
 + Level 2.1 Spellcasting
 + Level 4.5 Summonings


You had 3 spell levels left.
You knew the following spells:

 Your Spells              Type           Power        Failure   Level  Hunger
a - Summon Small Mammal   Summ           ###.         3%          1    #......
b - Call Imp              Summ           ###.....     4%          2    ###....


Dungeon Overview and Level Annotations

Branches:
Dungeon (2/15)

Altars:


Message History

a short sword; a kobold corpse
Found a stone staircase leading up.
You now have 46 gold pieces (gained 10).
There are no items here.
A quokka comes into view.
Found a metallic brown potion.
You barely miss the quokka.
Your crimson imp blinks!
The quokka closely misses you.
You barely miss the quokka. The quokka bites you.
* * * LOW HITPOINT WARNING * * *
Your crimson imp barely misses the quokka.
The quokka bites you.
* * * LOW HITPOINT WARNING * * *
Your crimson imp closely misses the quokka.
Casting: Call Imp
Confirm with . or Enter, or press ? or * to list all spells.
A beastly little devil appears in a puff of flame.
The quokka bites you.
You die...

#...####<.##
#######)....รท.....
#...............##
#.#####.###..#.##
#.# #.# #..#.# #.#
#.# #..#.# . #.#
#.# #..#...# #5#
#5# #..#### #@# #.#
#..# #r#####.###..#
#.........<..#
##5.....###....
#.###### ## #.# #.#
#!# #.#


You could see a quokka and 2 friendly crimson imps.

Vanquished Creatures
  A giant cockroach (D:1)
  2 jackals (D:2)
  2 kobolds (D:1)
  A bat (D:1)
  A frilled lizard (D:1)
  2 goblins (D:1)
  3 rats (D:1)
12 creatures vanquished.

Vanquished Creatures (collateral kills)
  A gnoll (D:1)
  A hobgoblin (D:1)
  3 jackals
  3 kobolds
  4 bats (D:1)
  4 goblins
  A rat (D:2)
17 creatures vanquished.

Grand Total: 29 creatures vanquished

Notes
Turn   | Place    | Note
-------+----------+-------------------------------------------
     0 | D:1      | talesvin the Merfolk Summoner began the quest for the Orb.
     0 | D:1      | Reached XP level 1. HP: 13/13 MP: 3/3
   429 | D:1      | Reached XP level 2. HP: 13/19 MP: 3/5
   509 | D:1      | Learned a level 2 spell: Call Imp
   868 | D:1      | You fall through a shaft!
   893 | D:2      | Reached XP level 3. HP: 14/24 MP: 1/6
  1232 | D:2      | Slain by a quokka

Skill      XL: |  1  2 |
---------------+-------+-----
Dodging        | 3 |  3.1
Fighting       | |  0.2
Maces & Flails | |  0.2
Stealth        | |  2.3
Spellcasting   | |  2.1
Summonings     | |  4.5

Action                   || total
-------------------------++-------
Melee: Club              ||    83
       Unarmed           ||     9
 Cast: Summon Small Mamm ||     9
       Call Imp          ||    13
  Use: Potion            ||     1
 Stab: Sleeping          ||     1
  Eat: Bread ration      ||     1
Armor: Robe              ||    35
       Skin              ||     9
Dodge: Dodged            ||   123
